AoeStats
← CrazyBen

Arena

508443523Analyzed
4v4 RM · 10d ago on Sep 22, 2026· 42m 58s· 8 players
Game mode
Random Map
Map size
Large (8 player)
Population
200
Speed
Normal
Resources
Standard
Victory
Conquest
Starting age
Dark Age
Ending age
Imperial Age
RankedLock teamsTeams togetherTeam positionsShared explorationLock speedFull tech treeHidden civsTurbo modeCheats
Victory
Defeat
🇫🇷 Dravidians · France
1515
+12
🇧🇪 Japanese · Belgium
1501
+13
🇨🇦 Khmer · Canada
1479
+14
🇭🇰 Teutons · Hong Kong SAR China
1428
+16
🇭🇰 Spanish · Hong Kong SAR China
1460
-15
🇭🇰 Japanese · Hong Kong SAR China
1456
-15
🇭🇰 Gurjaras · Hong Kong SAR China
1434
-14
🇭🇰 Aztecs · Hong Kong SAR China
1351
-11
Alt + F4 | UncleJack
10:45 Feudal Age
13:38 Castle Age
11:55 Double-Bit Axe
12:34 Horse Collar
21:17 Loom
24:21 Bow Saw
30:11 Imperial Age
30:46 Ballistics
32:41 Chemistry
33:24 Double Crossbow
34:10 Gold Mining
34:33 Heavy Scorpion
35:32 Pikeman
36:51 Scale Mail Armor
37:23 Heavy Plow
37:59 Chain Mail Armor
38:51 Forging
38:24 Light Cavalry
39:10 Scale Barding Armor
39:50 Bloodlines
40:22 Wheelbarrow
40:16 Husbandry
41:20 Conscription
42:00 Chain Barding Armor
42:16 Hussar
Hugh Jayniss
5:24 Loom
8:38 Feudal Age
10:21 Town Watch
15:09 Fletching
15:24 Horse Collar
21:11 Double-Bit Axe
30:43 Castle Age
31:41 Scale Barding Armor
31:47 Bloodlines
32:23 Wheelbarrow
31:50 Heavy Plow
32:04 Bow Saw
34:02 Hand Cart
34:25 Bodkin Arrow
34:42 Guard Tower
41:22 Gold Mining
Whop
6:36 Loom
10:14 Feudal Age
12:35 Fletching
14:34 Man-at-Arms
19:23 Horse Collar
20:16 Double-Bit Axe
26:22 Castle Age
26:17 Gold Mining
26:41 Crossbowman
27:34 Bodkin Arrow
35:12 Imperial Age
33:08 Heavy Plow
33:08 Guard Tower
34:59 Padded Archer Armor
37:07 Stone Mining
37:39 Scale Barding Armor
37:45 Forging
38:50 Town Watch
39:33 Husbandry
39:44 Bloodlines
38:57 Cavalier
39:34 Light Cavalry
40:44 Chain Barding Armor
41:34 Iron Casting
42:12 Wheelbarrow
42:46 Keep
42:33 Ballistics
43:55 Conscription
CrazyBen
11:23 Feudal Age
12:40 Double-Bit Axe
15:24 Castle Age
13:06 Horse Collar
16:33 Bow Saw
16:25 Heavy Plow
21:49 Wheelbarrow
24:08 Loom
24:39 Hand Cart
24:43 Gold Mining
29:55 Imperial Age
27:59 Fortified Wall
29:23 Fletching
29:33 Padded Archer Armor
30:00 Thumb Ring
30:33 Ballistics
30:25 Bodkin Arrow
30:36 Husbandry
30:00 Elite Elephant Archer
32:00 Chemistry
31:41 Medical Corps
31:53 Stone Mining
32:24 Devotion
32:35 Bracer
34:22 Block Printing
34:41 Leather Archer Armor
35:08 Conscription
36:46 Ring Archer Armor
40:12 Coinage
42:23 Banking
evi
5:08 Loom
10:22 Feudal Age
14:24 Castle Age
13:13 Double-Bit Axe
14:02 Horse Collar
22:26 Wheelbarrow
24:37 Bow Saw
25:47 Heavy Plow
27:26 Hand Cart
31:38 Imperial Age
29:43 Kshatriyas
30:21 Scale Mail Armor
30:32 Forging
30:25 Arson
30:55 Bloodlines
30:44 Gold Mining
32:07 Chain Mail Armor
32:14 Ballistics
32:36 Elite Chakram Thrower
33:09 Heavy Camel Rider
34:32 Conscription
34:32 Conscription
35:48 Chemistry
35:25 Iron Casting
35:50 Plate Mail Armor
37:36 Frontier Guards
37:28 Masonry
38:31 Husbandry
39:07 Crop Rotation
40:18 Scale Barding Armor
41:30 Chain Barding Armor
42:16 Gold Shaft Mining
41:32 Stone Mining
王老吉字花檔
10:02 Loom
12:22 Feudal Age
11:00 Loom
13:15 Town Watch
13:22 Double-Bit Axe
14:01 Fletching
15:22 Man-at-Arms
16:51 Horse Collar
20:43 Gold Mining
21:11 Arson
25:45 Castle Age
27:15 Bow Saw
29:54 Imperial Age
29:22 Gold Shaft Mining
29:20 Fervor
29:31 Sanctity
29:51 Wheelbarrow
30:55 Block Printing
31:05 Illumination
30:50 Heavy Plow
31:55 Illumination
32:58 Theocracy
32:19 Herbal Medicine
33:02 Devotion
33:48 Murder Holes
34:05 Fortified Wall
35:46 Redemption
35:36 Atonement
36:32 Hand Cart
38:03 Conscription
37:20 Elite Skirmisher
38:02 Padded Archer Armor
38:40 Bodkin Arrow
39:00 Leather Archer Armor
41:07 Bracer
43:41 Ballistics
迷途小書童
10:58 Feudal Age
9:14 Loom
13:53 Padded Archer Armor
13:44 Fletching
39:56 Wheelbarrow
44:36 Castle Age
42:23 Double-Bit Axe
42:18 Horse Collar
42:44 Padded Archer Armor
局長
10:17 Loom
12:20 Feudal Age
14:15 Double-Bit Axe
17:13 Castle Age
16:04 Horse Collar
16:16 Gold Mining
16:51 Scale Mail Armor
18:30 Wheelbarrow
17:50 Arson
18:55 Bow Saw
20:23 Forging
21:17 Squires
22:09 Chain Mail Armor
24:24 Fletching
28:58 Iron Casting
37:03 Heavy Plow
36:54 Stone Mining
40:58 Imperial Age
39:21 Gold Shaft Mining
38:42 Town Watch
40:24 Bodkin Arrow
42:45 Chemistry
41:48 Bracer
42:22 Hand Cart
42:03 Onager
Connection lost

Rejoining the realm…

Still unreachable

The connection could not be restored.

Session expired

The server has moved on; the page needs a fresh start.